 Dungeon Crawl Stone Soup version 0.31-a0-1549-g5ff9445e89 (webtiles) character file.

Game seed: 4684727151613568090

58 Persephone the Cutter (level 4, -10/34 HPs)
             Began as a Vine Stalker Berserker on Jan 2, 2024.
             Was a Believer of Trog.
             Killed by nerve-wracking pain
             ... invoked by Grinder
              (13 damage)
             ... on level 3 of the Dungeon.
             The game lasted 00:02:39 (1527 turns).

Persephone the Cutter (Vine Stalker Berserker)      Turns: 1527, Time: 00:02:40

Health: -10/34     AC:  8    Str: 19    XL:     4   Next: 1%
Magic:  0/5        EV: 16    Int:  7    God:    Trog [**....]
Gold:   103        SH:  0    Dex: 16    Spells: 3/3 levels left

rFire   . . .        a - +0 short sword (heavy)
rCold   . . .        (no shield)
rNeg    . . .        f - +0 swamp dragon scales
rPois   +            (no helmet)
rElec   .            (no cloak)
rCorr   +            h - +0 pair of gloves
SInv    .            (no boots)
Will    .....        (no amulet) Stlth
                     g - +5 ring of evasion
HPRegen 1.05/turn    j - ring of resist corrosion
MPRegen 0.09/turn

%: guardian spirit
@: berserking, very quick
A: fangs 2, regeneration 1, magic shield, antimagic bite, no potion heal 2
a: Renounce Religion, Berserk, Trog's Hand


You were on level 3 of the Dungeon.
You worshipped Trog.
Trog was pleased with you.
You visited 1 branch of the dungeon, and saw 3 of its levels.

You collected 103 gold pieces.

Inventory:

Hand Weapons
 a - a +0 heavy short sword (weapon)
Armour
 b - a +0 animal skin
 f - +0 swamp dragon scales (worn)
 h - a +0 pair of gloves (worn)
Jewellery
 g - a +5 ring of evasion (left hand)
 j - a ring of resist corrosion (right hand)
Scrolls
 c - a scroll of immolation
 i - a scroll of enchant weapon {unknown}
 l - a scroll of teleportation
 n - a scroll of revelation {unknown}
 p - 2 scrolls of identify
 q - a scroll of fog {unknown}
Potions
 d - a potion of degeneration {unknown}
 e - 3 potions of curing {unknown}
 k - a potion of cancellation {unknown}
 m - a potion of might {unknown}
 o - a potion of brilliance {unknown}


   Skills:
 - Level 2.6 Fighting
 + Level 4.3 Short Blades
 - Level 1.5 Armour
 - Level 1.5 Dodging


You had 3 spell levels left.
You didn't know any spells.
Your spell library was empty.

Dungeon Overview and Level Annotations

Branches:
Dungeon (3/15)

Altars:
Ashenzari

Annotations:
D:3 Grinder


Innate Abilities, Weirdness & Mutations

You have extremely sharp teeth.
Your natural rate of healing is unusually fast.
When hurt, damage is shared between your health and your magic reserves.
Your bite disrupts and absorbs the magic of your enemies.
Potions cannot restore your health.


Message History

You feel agile.
There is a stone staircase leading up here.
Auto kill stopped - Too dangerous: Extremely Dangerous (1) Dangerous (0) Easy (0) Harmless (0) Grinder comes into view.
You puncture Grinder!
Grinder is lightly wounded.
Grinder gestures at you. Pain shoots through your body!
You closely miss Grinder.
Grinder is lightly wounded.
Grinder closely misses you.
You barely miss Grinder. Your bite misses Grinder.
Grinder is lightly wounded.
Grinder misses you.
A red film seems to cover your vision as you go berserk!
You feel yourself moving faster!
You feel mighty! Grinder closely misses you.
You hit Grinder. Your bite misses Grinder.
Grinder is moderately wounded.
Grinder says, "Wait up."
Grinder gestures at you. Pain shoots through your body!
You puncture Grinder!
Grinder is heavily wounded.
Grinder hits you.
* * * LOW HITPOINT WARNING * * *
You writhe in agony.
* * * LOW HITPOINT WARNING * * *
You puncture Grinder!
Grinder is severely wounded.
Grinder gestures at you. Pain shoots through your body!
* * * LOW HITPOINT WARNING * * *
You closely miss Grinder. Your bite misses Grinder.
Grinder is severely wounded.
You hit Grinder.
Grinder is severely wounded.
Grinder gestures at you. Pain shoots through your body!
You die...
Grinder sighs, "Dead already?
I want a refund."

#.# #.# #.# #.# ##.##
####.#####...#
######............
..........#####... #
..####.#########.#.#
..............##.#.##
#.####.###......@5..#
#.###.###.##.##.#......
#......#.##.##.# .####
##.#>#.#.##.##<# #
#.).....##.##.#
##.#.#.####.##.#######
#.....................
#.#####################
..#


You could see Grinder.

Vanquished Creatures
  An adder (D:2)
  A dart slug (D:1)
  An orc (D:3)
  4 endoplasms
  3 giant cockroaches
  3 goblins
  4 hobgoblins
  7 jackals
  3 quokkas
  4 ball pythons
  A bat (D:2)
  3 kobolds
  5 rats
40 creatures vanquished.

Notes
Turn   | Place    | Note
-------+----------+-------------------------------------------
     0 | D:1      | Persephone the Vine Stalker Berserker began the quest for
                  | the Orb.
     0 | D:1      | Reached XP level 1. HP: 11/11 MP: 2/2
   123 | D:1      | Reached skill level 3 in Short Blades
   139 | D:1      | Reached XP level 2. HP: 16/16 MP: 1/3
   501 | D:2      | Reached XP level 3. HP: 19/19 MP: 4/4
   847 | D:2      | Reached skill level 4 in Short Blades
  1112 | D:2      | Reached ** piety under Trog
  1218 | D:3      | Found a broken altar of Ashenzari.
  1492 | D:3      | Reached XP level 4. HP: 23/23 MP: 5/5
  1518 | D:3      | Noticed Grinder
  1525 | D:3      | HP: 1/34 [Grinder/nerve-wracking pain (4)]
  1527 | D:3      | Killed from afar by Grinder

Illustrated notes

Levels and vault maps discovered:
D:1:      dpeg_arrival_refuge, layout_rooms
D:2:      layout_loops_ring
D:3:      layout_loops_ring, nicolae_ashenzari_skybound,
          shapermc_ecumenical_altar_mp_highgroup, uniq_grinder

Skill      XL: |  1  2  3 |
---------------+----------+-----
Short Blades   | 3 4 |  4.3
Fighting       | |  2.6
Armour         | |  1.5
Dodging        | |  1.5

Action                     |  1- 3 |  4- 6 || total
---------------------------+-------+-------++-------
  Melee: Short sword       |   114 |     8 ||   122
         Bite              |    30 |       ||    30
 Invoke: Berserk           |       |     1 ||     1
    Use: Scroll            |     3 |       ||     3
   Stab: Sleeping          |     1 |       ||     1
 Armour: Animal skin       |     4 |       ||     4
         Swamp dragon scal |    31 |     1 ||    32
  Dodge: Dodged            |    70 |     3 ||    73

Table legend: (Time is in decaauts)
 A = Elapsed time spent in this place.
 B = Non-inter-level travel time spent in this place.
 C = Inter-level travel time spent in this place.
 D = Time resting spent in this place.
 E = Time spent auto-exploring this place.
 F = Levels seen in this place.
 G = Mean time per level.
                   A        B        C        D        E       F      G
               +--------+--------+--------+--------+--------+-----+--------+
         Total |   1512 |   1444 |     68 |      0 |   1153 |   3 |  504.0 |
       Dungeon |   1512 |   1444 |     68 |      0 |   1153 |   3 |  504.0 |
               +--------+--------+--------+--------+--------+-----+--------+

Top non-repeatable levels by time:
     D:2: 720 daAuts
     D:1: 470 daAuts
     D:3: 321 daAuts
